Map: 莱瑞拉克之冠

Players

AllahuAkbar

  • Race: Zerg Zerg
  • League: Diamond

shengy - Winner!

  • Race: Zerg Zerg
  • League: Platinum

VOD

Have the link to the VOD?

Description

Time

  • Played on: Dec. 24, 2015, 5:44 p.m.
  • Length: 10:38
Show
View Real Time Build Order
Export as new Build Order

AllahuAkbar Zerg 

Build Orders: Pool First 

Get SALT Encoding   

  12  0:01  Drone  
  13  0:08  Drone  
  14  0:15  Extractor  
  14  0:16  Drone  
  14  0:22  Drone, Extractor  
  15  0:39  Spawning Pool  
  14  0:47  Overlord  
  14  0:52  Extractor  
  14  0:54  Drone  
  15  1:05  Drone x2  
  15  1:10  Drone  
  18  1:20  Drone  
  19  1:28  Metabolic Boost  
  19  1:32  Queen  
  19  1:39  Overlord  
  21  1:45  Zergling x2  
  22  2:02  Hatchery  
  22  2:04  Zergling x2  
  22  2:16  Zergling x4  
  24  2:32  Zergling x2  
  24  2:34  Overlord  
  25  2:46  Zergling x6  
  28  2:53  Queen  
  30  3:02  Zergling x4  
  32  3:13  Baneling Nest  
  32  3:18  Zergling x2  
  32  3:19  Zergling x2  
  33  3:20  Zergling x6  
  33  3:25  Overlord x2  
  36  3:59  Drone x2  
  36  4:02  Overlord x2  
  38  4:03  Zergling x6  
  41  4:10  Baneling x6  
  41  4:20  Drone x3  
  29  5:00  Zergling x4  
  29  5:01  Zergling x16  
  36  5:07  Zergling x2  
  37  5:16  Zergling x4  
  39  5:28  Drone x2  
  30  5:47  Zergling x8  
  34  5:52  Queen  
  34  5:54  Zergling x2  
  37  6:00  Zergling x2  
  37  6:02  Overlord x2  
  38  6:13  Hatchery  
  38  6:15  Zergling x2  
  38  6:16  Zergling x6  
  41  6:25  Baneling  
  41  6:26  Baneling x11  
  41  6:27  Zergling x2  
  43  6:40  Zergling x10  
  39  7:11  Zergling x2  
  39  7:12  Zergling x14  
  46  7:19  Zergling x2  
  46  7:21  Zergling x6  
  46  7:22  Zergling x2  
  50  7:27  Roach Warren  
  49  7:31  Baneling  
  49  7:32  Baneling x7  
  49  7:45  Zergling x10  
  53  8:01  Zergling x2  
  53  8:02  Zergling x10  
  56  8:06  Zergling x4  
  56  8:11  Drone  
  56  8:12  Drone  
  60  8:18  Baneling  
  60  8:19  Baneling x4  
  60  8:39  Roach x4  
  68  8:44  Queen  
  69  8:55  Baneling x2  
  67  9:03  Baneling  
  67  9:09  Extractor  
  66  9:11  Extractor  
  42  9:32  Roach x3  
  45  9:45  Zergling x24  
  52  9:46  Zergling x8  
  54  9:56  Roach  
  54  9:57  Roach  
  51  10:12  Zergling x14  
  54  10:17  Roach  
Show
View Real Time Build Order
Export as new Build Order

shengy Zerg - Winner!

Build Orders: Pool First 

Get SALT Encoding   

  12  0:01  Drone  
  13  0:09  Drone  
  14  0:16  Overlord  
  14  0:23  Extractor  
  14  0:28  Drone  
  14  0:35  Drone  
  15  0:37  Drone  
  16  0:50  Spawning Pool  
  16  0:54  Drone  
  16  0:58  Drone  
  17  1:05  Drone  
  18  1:29  Hatchery  
  17  1:35  Drone  
  17  1:36  Drone  
  19  1:41  Zergling x2  
  20  1:48  Metabolic Boost  
  20  1:57  Overlord  
  20  2:04  Baneling Nest  
  19  2:19  Queen  
  20  2:44  Drone x2  
  22  2:52  Zergling x2  
  22  2:53  Zergling x4  
  22  2:54  Queen  
  27  3:03  Baneling x2  
  27  3:10  Zergling x2  
  28  3:18  Overlord  
  28  3:24  Drone x2  
  28  3:25  Zergling x2  
  28  3:26  Zergling x2  
  32  3:37  Baneling  
  32  3:38  Baneling  
  32  3:41  Zergling x10  
  37  3:53  Zergling x4  
  39  4:09  Drone  
  40  4:10  Zergling x4  
  40  4:11  Zergling x2  
  42  4:36  Zergling x2  
  42  4:37  Overlord x2  
  41  4:58  Baneling  
  41  4:59  Baneling  
  40  5:07  Drone x5  
  40  5:08  Drone x5  
  40  5:09  Lair  
  40  5:11  Extractor  
  49  5:15  Roach Warren  
  49  5:19  Baneling x5  
  48  5:24  Drone x5  
  43  5:49  Overlord  
  43  5:50  Zergling x8  
  43  5:56  Hatchery  
  46  6:12  Baneling x2, Extractor  
  46  6:13  Overlord  
  46  6:15  Roach  
  46  6:16  Roach x5  
  57  6:19  Baneling x3  
  56  6:27  Overlord  
  56  6:30  Glial Reconstitution  
  56  6:32  Roach  
  58  6:47  Zergling x6  
  58  6:48  Zergling x2  
  52  7:24  Hatchery  
  51  7:33  Roach x4  
  51  7:34  Roach x4  
  51  7:35  Ravager  
  51  7:36  Ravager  
  69  7:46  Extractor, Overlord  
  69  7:49  Ravager  
  68  8:04  Zergling x8  
  68  8:05  Zergling x4  
  59  8:11  Zergling x6  
  60  8:22  Zergling x8  
  60  8:23  Baneling x6  
  60  8:24  Baneling  
  60  8:25  Baneling  
  63  8:52  Zergling x6  
  63  8:53  Zergling x14  
  63  9:30  Roach x6  
  63  9:31  Roach x3  
  75  9:46  Roach x2  
  74  9:56  Hatchery  
  72  10:06  Zergling x2  
  73  10:16  Roach  
  85  10:33  Ravager  
Tags
 
Add a new tag
Caveats
  • Supply blocks, unpowered buildings, or Contaminate may cause inaccurate times.
  • Supply counts are checked every 10 seconds.